 Dungeon Crawl Stone Soup version 0.32-a0-391-gce5c0aab1b (webtiles) character file.

Game seed: 11822096150403806188

331 adelrune the Shooter (level 6, -3/46 HPs)
             Began as a Coglin Hexslinger on Feb 19, 2024.
             Was a Believer of Nemelex Xobeh.
             Slain by a goblin
             ... wielding a +0 dagger
             ... led by Robin
              (4 damage)
             ... on level 4 of the Dungeon.
             The game lasted 00:08:17 (2905 turns).

adelrune the Shooter (Coglin Hexslinger)            Turns: 2905, Time: 00:08:18

Health: -3/46      AC:  2    Str:  8    XL:     6   Next: 51%
Magic:  6/7        EV: 13    Int: 18    God:    Nemelex Xobeh [**....]
Gold:   115        SH:  0    Dex: 19    Spells: 5/7 levels left

rFire   . . .        a - +1 sling {Ishpreet}
rCold   . . .        h - +0 sling {Javier}
rNeg    . . .        c - +0 robe
rPois   .            (no helmet)
rElec   .            (no cloak)
rCorr   .            (no gloves)
SInv    .            (no boots)
Will    .....        (no amulet)
Stlth   ++           r - +6 ring of intelligence
HPRegen 0.27/turn    (no ring)
MPRegen 0.10/turn

%: no passive effects
@: weak-willed, revved
A: off-hand wielding, slow wielding, warmup strikes, warmup strides
a: Renounce Religion, Draw Escape, Draw Destruction, Draw Summoning


You were on level 4 of the Dungeon.
You worshipped Nemelex Xobeh.
Nemelex Xobeh was pleased with you.
You visited 1 branch of the dungeon, and saw 4 of its levels.

You collected 175 gold pieces.
You spent 60 gold pieces at shops.

Inventory:

Hand Weapons
 a - a +1 sling (weapon) {Ishpreet}
 h - a +0 sling (worn) {Javier}
 l - the +6 whip of Risk Management {speed, Dex+3}
   (You found it on level 2 of the Dungeon)

   Dex+3:     It affects your dexterity (+3).
 x - a +0 whip {Dongyul}
Armour
 c - a +0 robe (worn)
Jewellery
 r - a +6 ring of intelligence (left grasper)
Wands
 y - a wand of iceblast (6)
Scrolls
 b - a scroll of poison
 e - a scroll of blinking {unknown}
 f - 2 scrolls of immolation {unknown}
 g - 4 scrolls of identify {unknown}
 i - 4 scrolls of fear {unknown}
 n - a scroll of acquirement {unknown}
 o - a scroll of silence {unknown}
 q - a scroll of amnesia {unknown}
 t - 2 scrolls of teleportation
 u - a scroll of fog {unknown}
Potions
 d - 2 potions of curing {unknown}
 j - a potion of might {unknown}
 k - a potion of invisibility {unknown}
 m - a potion of mutation {unknown}
 p - a potion of lignification {unknown}
 s - a potion of attraction {unknown}
 v - a potion of haste {unknown}
 w - a potion of brilliance {unknown}
 z - a potion of cancellation {unknown}


   Skills:
 + Level 2.7 Fighting
 - Level 1.1 Maces & Flails
 * Level 3.7 Ranged Weapons
 + Level 3.0 Dodging
 - Level 1.0 Spellcasting
 - Level 3.2 Hexes
 - Level 0.8 Fire Magic
 + Level 1.7 Invocations


You had 5 spell levels left.
You knew the following spells:

 Your Spells              Type           Power      Damage    Failure   Level
a - Jinxbite              Hex            24%        N/A       8%          2

Your spell library contained the following spells:

 Spells                   Type           Power      Damage    Failure   Level
 Sigil of Binding         Hex            12%        N/A       16%         3
 Inner Flame              Hex/Fire       8%         N/A       26%         3
 Cause Fear               Hex            6%         N/A       45%         4
 Dimensional Bullseye     Hex/Tloc       3%         N/A       71%         4


Dungeon Overview and Level Annotations

Branches:
Dungeon (4/15)
 Temple: D:4-7

Altars:
Ashenzari
Nemelex Xobeh

Shops:
D:2 ?

Annotations:
D:3 3 runed translucent doors, sdfx's ghost, amateur MDRe
D:4 Robin


Innate Abilities, Weirdness & Mutations

You can wield a second weapon in your off-hand.
It takes a long time for you to wield or remove held weapons.
Your first few attacks do less damage.
Your first movements take longer.


Message History

You are too injured to fight recklessly!
You are too injured to fight recklessly!
You are too injured to fight recklessly!
You are too injured to fight recklessly!
The goblin attacks as it pursues you! The goblin hits you but does no damage.
The goblin closely misses you. The goblin hits you with a +0 dagger.
The goblin barely misses you. The goblin misses you.
The goblin hits you with a +0 club. Robin throws the goblin at you!
The goblin attacks as it pursues you! The goblin closely misses you.
The goblin completely misses you. Robin throws the goblin at you!
The goblin barely misses you. The goblin closely misses you.
You shoot a sling bullet. The sling bullet hits the goblin.
The goblin is moderately wounded.
You shoot a sling bullet.
The sling bullet closely misses the goblin.
The goblin hits you with a +0 club. The goblin closely misses you. x2
The goblin barely misses you. x2
You shoot a sling bullet. The sling bullet hits the goblin.
You kill the goblin!
You shoot a sling bullet. Robin throws the goblin at you!
* * * LOW HITPOINT WARNING * * *
The goblin closely misses you. The goblin barely misses you. x3
The goblin hits you with a +0 club.
* * * LOW HITPOINT WARNING * * *
You shoot a sling bullet. The sling bullet hits the goblin.
You kill the goblin!
You shoot a sling bullet.
Robin points. "Kill!"
The goblin hits you with a +0 dagger.
* * * LOW HITPOINT WARNING * * *
The goblin hits you with a +0 club.
* * * LOW HITPOINT WARNING * * *
The goblin completely misses you.
The goblin no longer looks unusually strong.
Robin throws the goblin at you! The goblin completely misses you.
The goblin hits you but does no damage. The hobgoblin closely misses you.
The goblin hits you with a +0 dagger.
You die...
Your body disappears without a glow.

........<###.....##..
###....## #.###..).. .
#.....###.###..... .## ..
#.................
..##.###......##.###.....
#....#.......###.# #[....
####..#..##...###.#
#.....
........g#g....##.#
###### #...gg@.#.#.##.#
##..gg###.#..#.# #...##
#......# #)..# #..#.###
#.......## #..#.##
#........ ....#..###
#......)....#.###...#
#....#......#. ###)###
#...........#. #...##


You could see Robin, a hobgoblin (strong) and 4 goblins.

Vanquished Creatures
  An ice beast (D:4)
  An orc priest (D:4)
  Ijyb (D:3)
  3 gnolls (D:2)
  3 adders (D:3)
  2 ufetubi (D:3)
  A dart slug (D:2)
  2 ribbon worms
  4 orcs (D:3)
  8 endoplasms
  2 giant cockroaches (D:2)
  7 goblins
  3 hobgoblins
  3 quokkas
  4 ball pythons
  6 bats
  2 frilled lizards
  6 kobolds
  10 rats
69 creatures vanquished.

Notes
Turn   | Place    | Note
-------+----------+-------------------------------------------
     0 | D:1      | adelrune the Coglin Hexslinger began the quest for the Orb.
     0 | D:1      | Reached XP level 1. HP: 15/15 MP: 2/2
   105 | D:1      | Reached XP level 2. HP: 21/21 MP: 3/3
   481 | D:1      | Learned a level 2 spell: Jinxbite
   485 | D:1      | Reached XP level 3. HP: 22/26 MP: 4/4
   713 | D:2      | Found a faded altar of an unknown god.
   721 | D:2      | Prayed at the altar of an unknown god.
   721 | D:2      | Became a worshipper of Nemelex Xobeh the Trickster
   721 | D:2      | Reached * piety under Nemelex Xobeh
   721 | D:2      | Received a gift from Nemelex Xobeh
   850 | D:2      | Identified the +6 whip of Risk Management {speed, Dex+3}
   886 | D:2      | Reached XP level 4. HP: 23/33 MP: 5/5
  1459 | D:2      | Found Efurus Feli's Magic Scroll Shoppe.
  1464 | D:2      | Bought a scroll of teleportation for 30 gold pieces
  1464 | D:2      | Bought a scroll of teleportation for 30 gold pieces
  1665 | D:3      | Reached XP level 5. HP: 38/38 MP: 4/6
  1684 | D:3      | Received a gift from Nemelex Xobeh
  1741 | D:3      | Reached ** piety under Nemelex Xobeh
  1970 | D:3      | Found a broken altar of Ashenzari.
  1974 | D:3      | Reached skill level 1 in Maces & Flails
  2072 | D:3      | Found a runed translucent gate.
  2072 | D:3      | Found a runed translucent gate.
  2072 | D:3      | Found a runed translucent gate.
  2076 | D:3      | Noticed a kobold brigand
  2077 | D:3      | Noticed sdfx's ghost (amateur MDRe)
  2157 | D:3      | Reached skill level 1 in Invocations
  2274 | D:3      | Noticed Ijyb
  2278 | D:3      | Killed Ijyb
  2727 | D:4      | Reached XP level 6. HP: 46/46 MP: 4/7
  2890 | D:4      | Noticed an ice beast
  2891 | D:4      | Noticed Robin
  2897 | D:4      | Killed an ice beast
  2904 | D:4      | HP: 1/46 [goblin/+0 club[Robin] (3)]
  2905 | D:4      | Slain by a goblin

Illustrated notes

Levels and vault maps discovered:
D:1:      roderic_crop_circles_arrival_small, layout_basic, bh_walls_and_bars
D:2:      minmay_recursive_quarters, layout_basic, serial_shops, shop,
          hellmonk_ecumenical_altar_slurped_away
D:3:      layout_loops_ring, nicolae_ashenzari_panopticon,
          gammafunk_ghost_nasty_kobolds, kennysheep_boxes, uniq_ijyb
D:4:      layout_rooms, serial_bayou_pond_a, minmay_goblin_outpost, uniq_robin,
          uniq_blork_the_orc

Skill      XL: |  1  2  3  4  5  6 |
---------------+-------------------+-----
Ranged Weapons | 2 3 |  3.7
Dodging        | 2 3 |  3.0
Hexes          | 3 |  3.2
Fighting       | 2 |  2.7
Maces & Flails | 1 |  1.1
Invocations    | 1 |  1.7
Spellcasting   | |  1.0
Fire Magic     | |  0.8

Action                     |  1- 3 |  4- 6 || total
---------------------------+-------+-------++-------
  Melee: Whip              |       |    29 ||    29
         Sling             |       |     2 ||     2
   Fire: Sling             |   120 |   114 ||   234
   Cast: Jinxbite          |     1 |    11 ||    12
   Stab: Sleeping          |       |     1 ||     1
 Armour: Robe              |    23 |    46 ||    69
  Dodge: Dodged            |    21 |    50 ||    71

Table legend: (Time is in decaauts)
 A = Elapsed time spent in this place.
 B = Non-inter-level travel time spent in this place.
 C = Inter-level travel time spent in this place.
 D = Time resting spent in this place.
 E = Time spent auto-exploring this place.
 F = Levels seen in this place.
 G = Mean time per level.
                   A        B        C        D        E       F      G
               +--------+--------+--------+--------+--------+-----+--------+
         Total |   3034 |   2875 |    159 |    268 |   2106 |   4 |  758.5 |
       Dungeon |   3034 |   2875 |    159 |    268 |   2106 |   4 |  758.5 |
               +--------+--------+--------+--------+--------+-----+--------+

Top non-repeatable levels by time:
     D:3: 1097 daAuts
     D:2: 1001 daAuts
     D:1: 739 daAuts
     D:4: 195 daAuts
